 Dungeon Crawl Stone Soup version 0.28-a0-691-gad6df49e81 (webtiles) character file.

Game seed: 2069899902181408311

93 cheechan the Chopper (level 4, -1/44 HPs)
             Began as a Naga Chaos Knight on Oct 22, 2021.
             Was a Plaything of Xom.
             Succumbed to Crazy Yiuf's poison
             ... on level 2 of the Dungeon.
             The game lasted 00:07:09 (1716 turns).

cheechan the Chopper (Naga Chaos Knight)            Turns: 1716, Time: 00:07:09

Health: -1/44      AC:  5    Str: 16    XL:     4   Next: 61%
Magic:  4/4        EV:  6    Int: 12    God:    Xom [....*.]
Gold:   15         SH:  6    Dex: 10    Spells: 3/3 levels left

rFire   . . .      SeeInvis +   a - +0 hand axe (chaos)
rCold   . . .      Faith    .   h - +0 kite shield
rNeg    . . .      Spirit   .   b - +2 leather armour
rPois   +          Reflect  .   (no helmet)
rElec   .          Harm     .   (no cloak)
rCorr   .          Rampage  .   (no gloves)
Will    .....                   (no barding)
Stlth   +.........              (no amulet)
HPRegen 0.14/turn               (no ring)
MPRegen 0.09/turn               (no ring)

@: lethally poisoned (-1 -> -13), very slightly contaminated, invisible, very
slow
A: AC +1, large, see invisible, deformed body, poison resistance, slowness 2,
spit poison 1, naga tail 1
a: Spit Poison, Renounce Religion


You were on level 2 of the Dungeon.
You worshipped Xom.
You were a beloved toy of Xom.
You visited 1 branch of the dungeon, and saw 2 of its levels.

You collected 15 gold pieces.

Inventory:

Hand Weapons
 a - a +0 hand axe of chaos (weapon)
 d - a +0 short sword of venom
 j - a +0 hunting sling
 k - a +2 quarterstaff of chaos
Missiles
 c - 13 sling bullets
 e - 4 stones
Armour
 b - a +2 leather armour (worn)
 h - a +0 kite shield (worn)
 l - a +0 cloak
Magical Staves
 f - a staff of fire
Potions
 i - a potion of might


   Skills:
 + Level 3.7 Fighting
 + Level 3.8 Axes
 + Level 2.2 Armour
 + Level 1.5 Dodging
 + Level 0.2 Stealth
 + Level 0.2 Shields


You had 3 spell levels left.
You didn't know any spells.
Your spell library contained the following spells:

 Spells                   Type           Power      Damage    Failure   Level
 Corpse Rot               Necr/Air       0%         N/A       99%         2
 Poisonous Vapours        Pois/Air       0%         N/A       99%         2


Dungeon Overview and Level Annotations

Branches:
Dungeon (2/15)

Altars:

Annotations:
D:2 Crazy Yiuf


Innate Abilities, Weirdness & Mutations

Your serpentine skin is tough. (AC +1)
You have supernaturally acute eyesight. (SInv)
Armour fits poorly on your strangely shaped body.
Your system is resistant to poisons. (rPois)
You cover ground very slowly.
You can spit poison.
You have a snake-like lower body.


Message History

There is an open translucent door, spattered with blood here.
Things that are here:
a +2 quarterstaff of chaos; a +0 cloak
k - a +2 quarterstaff of chaos;
l - a +0 cloak You swap places.
There is an open translucent door, spattered with blood here.
Abil: Spit Poison
Press: ? - help, Q - select action, (/) - cycle Shift-Dir - straight line, f - Crazy Yiuf
Aim: Crazy Yiuf the cane toad shaped shifter (charmed, friendly) Really fire at your ally Crazy Yiuf?
Okay, then.
You swap places.
There is an open translucent door, spattered with blood here.
You swap places.
Press: ? - help, v - describe, . - travel
Here: Crazy Yiuf the cane toad shaped shifter (charmed, friendly)
An open translucent door, spattered with blood.
You swap places.
There is an open translucent door, spattered with blood here.
You swap places.
Crazy Yiuf is no longer charmed.
Crazy Yiuf barely misses you. Crazy Yiuf stings you!!
You barely miss Crazy Yiuf. You block Crazy Yiuf's attack.
You slash Crazy Yiuf!
Crazy Yiuf seems to slow down.
You freeze Crazy Yiuf.
Crazy Yiuf is moderately wounded.
Crazy Yiuf closely misses you.
You hit Crazy Yiuf. You burn Crazy Yiuf.
Crazy Yiuf is moderately wounded.
You feel a little less agile now. Crazy Yiuf stings you!!
* * * LOW HITPOINT WARNING * * *
You are lethally poisoned!
Crazy Yiuf poisons you!
You fade into invisibility!
* * * LOW HITPOINT WARNING * * *
You feel very sick. Crazy Yiuf closely misses you.
You are very lightly contaminated with residual magic.
You die...
Xom thinks this is hilarious!

...... ...... ###.... # .....
##### #..###### ....###
##.).....##♣♣♣♣♣
###...######...####.#...♣.♣♣♣####
<.[##....>......@.#......♣..♣#...
##..####....#####.F.....♣♣♣♣.'...
##.####.#### ###.#..♣♣ ♣♣#..)
#...##.# ####♣♣ ####
#####.##.#### ##.<†.......#
##.[........# ##..........#
##..........#


You could see Crazy Yiuf the cane toad shaped shifter (slow).

Vanquished Creatures
  2 dart slugs (D:1)
  4 endoplasms (D:1)
  2 goblins (D:1)
  A hobgoblin (D:1)
  9 jackals (D:1)
  5 kobolds (D:1)
  2 quokkas
  4 ball pythons
  3 bats (D:1)
  3 frilled lizards (D:1)
  5 rats (D:1)
40 creatures vanquished.

Notes
Turn   | Place    | Note
-------+----------+-------------------------------------------
     0 | D:1      | cheechan the Naga Chaos Knight began the quest for the Orb.
     0 | D:1      | Reached XP level 1. HP: 21/21 MP: 1/1
    90 | D:1      | Reached XP level 2. HP: 7/28 MP: 2/2
    97 | D:1      | HP: 1/28 [kobold (2)]
   369 | D:1      | XOM: silly message
   515 | D:1      | XOM: smoke on damage
   675 | D:1      | XOM: silly message
   788 | D:1      | Reached XP level 3. HP: 34/34 MP: 3/3
   809 | D:1      | Reached skill level 1 in Dodging
  1024 | D:1      | Found a faded altar of an unknown god.
  1110 | D:1      | XOM: silly message
  1433 | D:1      | XOM: god gift: staff of fire
  1623 | D:2      | XOM: confuse monster(s)
  1626 | D:2      | Noticed a killer bee
  1626 | D:2      | a worm changed into a killer bee
  1626 | D:2      | XOM: polymorph worm -> killer bee
  1630 | D:2      | Banished a killer bee
  1631 | D:2      | Reached XP level 4. HP: 34/44 MP: 4/4
  1650 | D:2      | Found a runed translucent door.
  1651 | D:2      | Noticed Crazy Yiuf
  1689 | D:2      | Noticed Crazy Yiuf
  1689 | D:2      | Crazy Yiuf changed into Crazy Yiuf the shapeshifter
  1689 | D:2      | Noticed Crazy Yiuf
  1689 | D:2      | Crazy Yiuf the shapeshifter changed into Crazy Yiuf the
                  | cane toad
  1690 | D:2      | XOM: enchant monster (good)
  1716 | D:2      | Succumbed to Crazy Yiuf's poison

Illustrated notes

Levels and vault maps discovered:
D:1:      dpeg_arrival_central, layout_rooms,
          hellmonk_ecumenical_altar_arch_garden, minmay_tetromino_l2
D:2:      layout_rooms, uniq_crazy_yiuf_cottage

Skill      XL: |  1  2  3 |
---------------+----------+-----
Armour         | 2 |  2.2
Dodging        | 1 |  1.5
Fighting       | |  3.7
Axes           | |  3.8
Stealth        | |  0.2
Shields        | |  0.2

Action                   |  1- 3 |  4- 6 || total
-------------------------+-------+-------++-------
Melee: Hand axe          |   126 |     6 ||   132
  Use: Scroll            |     2 |       ||     2
       Potion            |       |     1 ||     1
Armor: Leather armour    |   104 |       ||   104
Dodge: Dodged            |    89 |     3 ||    92
Block: Kite shield       |    11 |     1 ||    12

Table legend: (Time is in decaauts)
 A = Elapsed time spent in this place.
 B = Non-inter-level travel time spent in this place.
 C = Inter-level travel time spent in this place.
 D = Time resting spent in this place.
 E = Time spent auto-exploring this place.
 F = Levels seen in this place.
 G = Mean time per level.
                   A        B        C        D        E       F      G
               +--------+--------+--------+--------+--------+-----+--------+
         Total |   2143 |   2143 |      0 |    554 |      0 |   2 | 1071.5 |
       Dungeon |   2143 |   2143 |      0 |    554 |      0 |   2 | 1071.5 |
               +--------+--------+--------+--------+--------+-----+--------+

Top non-repeatable levels by time:
     D:1: 1928 daAuts
     D:2: 214 daAuts
